AoeStats
← SaMgAmEpLaY

Arabia

510199475Analyzed
1v1 RM · 3d ago on Sep 29, 2026· 42m 16s· 2 players
Game mode
Random Map
Map size
Tiny (2 player)
Population
200
Speed
Normal
Resources
Standard
Victory
Conquest
Starting age
Dark Age
Ending age
Imperial Age
RankedLock teamsTeams togetherTeam positionsShared explorationLock speedFull tech treeHidden civsTurbo modeCheats
Victory
Defeat
🇲🇽 Lithuanians · Mexico
794
+15
🇦🇷 Wei · Argentina
776
-15
cronathor
10:43 Feudal Age
11:44 Double-Bit Axe
19:05 Castle Age
18:22 Gold Mining
18:32 Stone Mining
19:35 Bloodlines
21:09 Bow Saw
22:59 Wheelbarrow
26:07 Crossbowman
26:53 Thumb Ring
29:59 Forging
31:26 Fletching
31:37 Padded Archer Armor
32:15 Husbandry
33:04 Bodkin Arrow
34:42 Gold Shaft Mining
34:52 Stone Shaft Mining
38:11 Imperial Age
36:52 Scale Barding Armor
38:11 Iron Casting
SaMgAmEpLaY
10:59 Feudal Age
12:16 Double-Bit Axe
12:13 Horse Collar
18:01 Castle Age
17:17 Gold Mining
17:43 Stone Mining
19:10 Wheelbarrow
18:21 Loom
18:21 Town Watch
19:04 Husbandry
22:07 Scale Barding Armor
24:59 Heavy Plow
28:31 Hand Cart
30:07 Scale Mail Armor
30:18 Forging
31:02 Town Patrol
31:31 Murder Holes
31:17 Treadmill Crane
35:08 Imperial Age
34:48 Stone Shaft Mining
36:10 Chain Mail Armor
37:53 Iron Casting
37:38 Chain Barding Armor
37:58 Ballistics
40:37 Conscription
39:40 Cavalier
40:31 Bloodlines
41:40 Chemistry
41:50 Pikeman
42:32 Squires
Connection lost

Rejoining the realm…

Still unreachable

The connection could not be restored.

Session expired

The server has moved on; the page needs a fresh start.